Description

2-1-1 marine, hellbat medivac timing attack at 5:40 with a fast third CC.

VOD

https://youtu.be/B54bf3Pp8Bs?t=846

Replay - LiquidClem v Reynor - Ultralove

Build Order

Get SALT Encoding   

  12  0:00  SCV  
  13  0:12  SCV  
  14  0:17  Supply Depot  
  14  0:24  SCV  
  15  0:38  SCV  
  15  0:40  Barracks  
  15  0:42  Refinery  
  16  0:50  SCV  
  17  1:02  SCV  
  18  1:14  SCV  
  19  1:27  Orbital Command, Reaper  
  20  1:38  Command Center  
  20  1:46  Supply Depot  
  20  1:52  SCV  
  21  1:58  Marine  
  22  2:04  SCV  
  23  2:10  Factory  
  23  2:16  SCV  
  23  2:20  Barracks Reactor  
  25  2:37  Command Center  
  26  2:50  Orbital Command  
  27  2:59  Barracks  
  27  3:03  Hellion x2  
  29  3:10  Barracks Tech Lab  
  33  3:20  Refinery  
  33  3:26  Hellion x2  
  36  3:31  Marine  
  41  3:37  Stimpack  
  43  3:49  Orbital Command  
  44  3:56  Marine x3, Starport  
  44  4:01  Factory Reactor  
  47  4:07  Supply Depot  
  49  4:14  Marine x3  
  52  4:22  Supply Depot  
  57  4:32  Marine x2  
  57  4:35  Armory  
  61  4:40  Medivac x2  
  61  4:45  Supply Depot, Hellion  
  68  4:50  Refinery  
  72  4:58  Refinery  
  73  5:01  Orbital Command, Barracks  
  78  5:15  Factory Tech Lab  
  78  5:20  Engineering Bay x2  
  81  5:35  Siege Tank  
  87  5:37  Combat Shield  
  88  5:45  Starport Reactor  
  86  5:54  Barracks x2  
  84  5:58  Terran Infantry Weapons Level 1, Terran Infantry Armor Level 1  
Spawning Tool Build Advisor. Get it on Overwolf

Go to:

Details

  • Created by: EighthTime
  • Published on: Aug 27, 2025
  • Modified on: Aug 27, 2025
  • Patch: 5.0.11
  • Difficulty: Medium
Show
View Real Time Build Order
Export as new Build Order

Comments (0)

There are no comments. Be the first!

Create an account to comment!